 Dungeon Crawl Stone Soup version 0.30.0-29-ga12c61a403 (webtiles) character file.

Game seed: 5837008188378098698

96213 monsoonserge the Tortoise (level 16, -6/149 HPs)
             Began as a Meteoran Cinder Acolyte on June 21, 2023.
             Was an Elder of Ignis.
             Mangled by a slime creature (11 damage)
             ... on level 2 of the Pits of Slime on June 22, 2023.
             The game lasted 01:30:41 (8583 turns).

monsoonserge the Tortoise (Meteoran Cinder Acolyte) Turns: 8583, Time: 01:30:42

Health: -6/149     AC: 20    Str: 30    XL:     16   Next: 74%
Magic:  3/19       EV: 11    Int: 15    God:    Ignis [****..]
Gold:   854        SH:  0    Dex:  6    Spells: 16/18 levels left

rFire   + + +        U - +10 quarterstaff of the Unkillable {heavy, rN+++ rCorr Str+2}
rCold   + . .        (shield currently unavailable)
rNeg    + + +        Z - +6 scale mail of Neduptamp {rF+++ Int-2 Dex-3 Slay+5}
rPois   .            v - +1 hat {Stlth+}
rElec   .            P - scarf {shadows}
rCorr   +            q - +1 pair of gloves
SInv    .            (no boots)
Will    ++++.        x - amulet of regeneration Stlth
                     n - ring of Vyruor {Ice Will++ Dex-2}
HPRegen 1.24/turn    I - +6 ring of strength
MPRegen 0.16/turn

%: no passive effects
@: on berserk cooldown, slowed, glowing, very slow
A: sense surroundings 2, otherworldly, glowing, explore regen
}: 1/15 runes: abyssal
a: Renounce Religion, Fiery Armour, Foxfire Swarm, Rising Flame


You were on level 2 of the Pits of Slime.
You worshipped Ignis.
Ignis was greatly pleased with you.
You visited 4 branches of the dungeon, and saw 19 of its levels.
You visited the Abyss 1 time.
You also visited: Sewer and Bailey.

You collected 1130 gold pieces.
You spent 276 gold pieces at shops.

Inventory:

Hand Weapons
 t - the +6 shillelagh "Devastator" {shatter}
   (You found it on level 2 of the Dungeon)
 U - the +10 quarterstaff of the Unkillable (weapon) {heavy, rN+++ rCorr Str+2}
   (You found it on level 1 of the Lair of Beasts)

   Str:       It affects your strength (+2).
   rN:        It renders you almost immune to negative energy.
   rCorr:     It protects you from acid and corrosion.
Missiles
 c - 5 boomerangs (quivered)
 g - 3 throwing nets
 r - 5 curare-tipped darts
 B - 15 poisoned darts
Armour
 j - a +0 crystal plate armour
 q - a +1 pair of gloves (worn)
 v - a +1 hat of stealth (worn)
 z - a +0 buckler
 P - a scarf of shadows (worn)
 Z - the +6 scale mail of Neduptamp (worn) {rF+++ Int-2 Dex-3 Slay+5}
   (You found it on level 5 of the Lair of Beasts)

   Int:       It affects your intelligence (-2).
   Dex:       It affects your dexterity (-3).
   Slay:      It affects your accuracy & damage with ranged weapons and melee
   (+5).
   rF:        It renders you almost immune to fire.
Jewellery
 n - the ring of Vyruor (left hand) {Ice Will++ Dex-2}
   (You found it on level 3 of the Abyss)

   [ring of ice]

   It enhances your ice magic.
   Dex:       It affects your dexterity (-2).
   rF:        It makes you vulnerable to fire.
   rC:        It protects you from cold.
   Will:      It greatly increases your willpower.
 x - an amulet of regeneration (around neck)
 A - a ring of protection from cold
 I - a +6 ring of strength (right hand)
 L - a ring of willpower
 T - a ring of protection from fire
 X - a ring of resist corrosion
Wands
 a - a wand of iceblast (23)
 k - a wand of paralysis (6)
 s - a wand of flame (33)
 C - a wand of mindburst (13)
 K - a wand of polymorph (15)
Scrolls
 b - a scroll of vulnerability
 f - 3 scrolls of teleportation
 h - 4 scrolls of immolation
 m - 8 scrolls of enchant weapon {unknown}
 D - 3 scrolls of enchant armour
 E - 3 scrolls of fog
 H - a scroll of poison
 J - 2 scrolls of fear
 M - 3 scrolls of magic mapping
 N - 4 scrolls of amnesia
 Q - 2 scrolls of silence
 Y - a scroll of torment {unknown}
Potions
 d - 9 potions of curing
 e - 3 potions of flight {unknown}
 l - 4 potions of attraction
 u - 2 potions of resistance {unknown}
 w - 2 potions of might {unknown}
 F - 6 potions of haste
 G - a potion of lignification {unknown}
 R - a potion of degeneration {unknown}
 S - 2 potions of mutation {unknown}
 V - 2 potions of brilliance {unknown}
Miscellaneous
 o - a box of beasts
 W - a phantom mirror


   Skills:
 + Level 15.4 Fighting
 - Level 17.0(17.3) Maces & Flails
 * Level 5.5(11.6) Staves
 + Level 8.8 Throwing
 + Level 17.3 Armour
 + Level 5.4 Dodging
 - Level 9.0 Shields
 - Level 1.6 Spellcasting
 - Level 4.2 Fire Magic
 * Level 8.3 Evocations


You had 16 spell levels left.
You knew the following spells:

 Your Spells              Type           Power      Damage    Failure   Level
a - Scorch                Fire           26%        2d6       10%         2

Your spell library contained the following spells:

 Spells                   Type           Power      Damage    Failure   Level
 Slow                     Hex            4%         N/A       36%         1
 Sting                    Tmut/Pois      4%         1d3       36%         1
 Lesser Beckoning         Tloc           2%         N/A       50%         2
 Passwall                 Tmut/Erth      0%         N/A       50%         2
 Poisonous Vapours        Pois/Air       2%         N/A       50%         2
 Confusing Touch          Hex            1%         N/A       75%         3
 Frozen Ramparts          Ice            2%         1d1       75%         3
 Gell's Gravitas          Tloc           1%         N/A       75%         3
 Teleport Other           Tloc           1%         N/A       75%         3
 Vampiric Draining        Necr           1%         2d6       75%         3
 Animate Armour           Summ/Erth      2%         N/A       98%         4
 Ice Form                 Ice/Tmut       1%         N/A       98%         4
 Manifold Assault         Tloc           1%         N/A       98%         4
 Olgreb's Toxic Radiance  Pois           1%         N/A       98%         4
 Summon Ice Beast         Ice/Summ       1%         N/A       98%         4
 Blade Hands              Tmut           0%         N/A       100%        5
 Borgnjor's Vile Clutch   Necr/Erth      0%         N/A       100%        5
 Iron Shot                Conj/Erth      0%         9d1       100%        6
 Discord                  Hex            0%         N/A       100%        8
 Ignition                 Fire           6%         3d4       100%        8


Dungeon Overview and Level Annotations

Branches:
Dungeon (11/15) Zot: 1947  Temple (1/1) D:6 Zot: 595    Lair (5/5) D:11 Zot: 890
  Swamp (0/4) Lair:2        Snake (0/4) Lair:2        Slime (2/5) Lair:5 Zot: 874
    Orc (0/2) D:9           Sewer (visited)          Bailey (visited)

Altars:
Nemelex Xobeh
Trog
Wu Jian
Yredelemnul
Zin
Lugonu

Shops:
D:6 !(*

Portals:
Abyss: Lair:5

Annotations:
D:6 2 runed translucent doors, belegose's ghost, novice DsHs
D:11 2 runed translucent doors


Innate Abilities, Weirdness & Mutations

You passively map the area around you.
You are easily found by Zot.
You glow in the dark.
You regain HP and MP as you explore.


Message History

The slime creature hits you but does no damage. x2
The slime creature barely misses you.
You bludgeon the slime creature!!
The slime creature is severely wounded.
The slime creature closely misses you.
The slime creature hits you but does no damage.
The slime creature hits you.
* * * LOW HITPOINT WARNING * * *
You bludgeon the slime creature!!
You kill the slime creature!
The slime creature hits you but does no damage.
The slime creature hits you.
* * * LOW HITPOINT WARNING * * *
The slime creature hits you.
* * * LOW HITPOINT WARNING * * *
You crush the slime creature like a grape!!!
You kill the slime creature!
The slime creature closely misses you.
You thump the slime creature!
The slime creature is heavily wounded.
The slime creature hits you!
* * * LOW HITPOINT WARNING * * *
You bludgeon the slime creature!!
The slime creature is almost dead.
The slime creature hits you.
* * * LOW HITPOINT WARNING * * *
The slime creature closely misses you.
You pound the slime creature like an anvil!!!
You kill the slime creature!
The slime creature hits you but does no damage.
You hammer the slime creature like a gong!!!
The slime creature is severely wounded.
You are no longer berserk.
You are exhausted.
You feel yourself slow down. The slime creature hits you.
* * * LOW HITPOINT WARNING * * *
You sock the slime creature!
The slime creature is severely wounded.
The slime creature hits you!
You die...

.............###.#.......# *
.............###.......... ,
..............#........... ,
* *
....<........###.......... *
,* ..>...........##..........
, ,,
..............#.......#... *
.......................... ,,
* ..............#.J.........,
* .#........<..#..@.........,
##..................>..... ,
, *
#......#.................. ,
##........................,,,
###.....#.....#.......... ,*
###.###......#........ * * ##
#...#..##...#.., , , *
##......#.... , , ,
##.##...,... ,


You could see a slime creature.

Vanquished Creatures
  A profane servitor (Abyss:2)
  A lich (Abyss:2)
  Gastronok (D:9)
  An acid blob (Slime:2)
  A rockslime (Slime:1)
  An azure jelly (Slime:2)
  4 very ugly things (Abyss:1)
  2 quicksilver oozes
  A green death (Abyss:3)
  A merfolk impaler (Abyss:3)
  5 hydras
  A catoblepas (Lair:2)
  Erica (D:9)
  3 two-headed ogres
  5 death yaks (Lair:2)
  A hell hog (Abyss:3)
  5 thrashing horrors
  Nergalle (Lair:1)
  A skyshark (Lair:4)
  A sixfirhy (Abyss:3)
  2 spatial maelstroms (Abyss:3)
  Amaemon (Lair:2)
  A death drake (Abyss:3)
  A glowing orange brain (Slime:2)
  An orc knight (Bailey)
  A deep elf pyromancer (Bailey)
  A shining eye (Slime:1)
  A manticore (D:9)
  6 ugly things
  4 oklob plants (Lair:1)
  Joseph (Lair:1)
  9 elephants
  7 black mambas
  An eye of devastation (Slime:2)
  4 smoke demons
  4 large abominations
  An orange demon (Lair:2)
  10 cane toads
  A kobold demonologist (D:7)
  8 komodo dragons
  2 ancient zymes
  A tengu conjurer (D:9)
  4 hornets
  2 trolls
  A raiju (Abyss:3)
  Prince Ribbit (Lair:1)
  19 blink frogs
  7 dream sheep (Lair:4)
  23 slime creatures
  12 small abominations
  2 spriggans (Lair:5)
  A culicivora (shapeshifter) (Abyss:3)
  A ynoxinul (Abyss:3)
  58 yaks
  2 vampires
  A wraith (D:9)
  5 wyverns
  6 basilisks
  2 neqoxecs
  4 fire bats (Abyss:2)
  5 chaos spawn
  2 steam dragons (D:9)
  3 acid dragons
  10 water moccasins
  A spatial vortex (Abyss:3)
  4 nagas (Lair:2)
  7 orc warriors
  2 black bears
  4 sky beasts
  An ogre (D:6)
  29 wolves
  3 centaurs
  2 kobold brigands (Sewer)
  9 bullfrogs
  A gnoll sergeant (D:11)
  A necrophage (D:4)
  3 scorpions
  7 wights
  10 killer bees
  A vampire bat (Lair:1)
  3 howler monkeys
  2 hounds
  A quasit (Abyss:2)
  A human zombie (D:4)
  A jelly (D:6)
  14 orc priests
  Crazy Yiuf (D:2)
  7 starcursed masses (Abyss:3)
  A gnoll bouda (D:9)
  5 sleepcaps
  3 iguanas
  9 orc wizards
  3 scorpion zombies (D:4)
  A hound zombie (D:4)
  A mummy (D:4)
  Robin (D:3)
  15 gnolls
  21 adders
  3 river rats (Sewer)
  2 shadow imps
  A white imp (D:5)
  2 ufetubi
  2 adder zombies (D:4)
  3 worms
  2 dart slugs
  43 orcs
  6 ball pythons
  9 endoplasms
  6 giant cockroaches
  10 hobgoblins
  16 jackals
  6 quokkas
  16 bats
  7 frilled lizards
  4 goblins
  A jackal zombie (D:4)
  10 kobolds
  A quokka zombie (D:4)
  8 rats
610 creatures vanquished.

Vanquished Creatures (others)
  A wight (D:9)
  A lurking horror (Abyss:2)
2 creatures vanquished.

Grand Total: 612 creatures vanquished

Notes
Turn   | Place    | Note
-------+----------+-------------------------------------------
     0 | D:1      | monsoonserge the Meteoran Cinder Acolyte began the quest
                  | for the Orb.
     0 | D:1      | Reached XP level 1. HP: 19/19 MP: 3/3
    68 | D:1      | Reached XP level 2. HP: 21/26 MP: 5/5
   220 | D:1      | Reached XP level 3. HP: 31/31 MP: 6/6
   268 | D:1      | Learned a level 2 spell: Scorch
   531 | D:2      | Reached XP level 4. HP: 37/40 MP: 7/7
   545 | D:2      | Reached skill level 1 in Armour
   578 | D:2      | Reached XP level 5. HP: 8/46 MP: 8/8
   578 | D:2      | HP: 2/46 [worm (6)]
   621 | D:2      | Reached skill level 1 in Dodging
   667 | D:2      | Reached skill level 5 in Maces & Flails
   729 | D:2      | Found a runed translucent door.
   730 | D:2      | Noticed Crazy Yiuf
   730 | D:2      | Found the +6 shillelagh "Devastator" {shatter}
   739 | D:2      | Killed Crazy Yiuf
   998 | D:3      | Reached XP level 6. HP: 52/52 MP: 9/9
  1000 | D:3      | Noticed Robin
  1010 | D:3      | Killed Robin
  1078 | D:3      | Found a sparkling altar of Nemelex Xobeh.
  1078 | D:3      | Found a transporter.
  1078 | D:3      | Noticed an ogre
  1349 | D:4      | Reached skill level 1 in Shields
  1349 | D:4      | Reached XP level 7. HP: 60/60 MP: 10/10
  1389 | D:4      | Found a glowing drain.
  1410 | Sewer    | Entered a sewer
  1808 | Sewer    | Glimpsed the power of Zot.
  1877 | D:4      | Reached XP level 8. HP: 54/67 MP: 11/11
  2021 | D:4      | Found a basalt altar of Yredelemnul.
  2025 | D:4      | Reached skill level 1 in Throwing
  2025 | D:4      | Reached skill level 5 in Armour
  2115 | D:4      | Found a bloodstained altar of Trog.
  2186 | D:5      | Entered Level 5 of the Dungeon
  2367 | D:5      | Reached skill level 5 in Fighting
  2367 | D:5      | Gained mutation: You passively map the area around you.
                  | [Meteoran growth]
  2367 | D:5      | Reached XP level 9. HP: 74/74 MP: 12/12
  2635 | D:6      | Found Xuackopu's Antique Weapon Boutique.
  2727 | D:6      | Reached skill level 1 in Evocations
  2732 | D:6      | Reached skill level 10 in Maces & Flails
  2766 | D:6      | Found Ipemom's Assorted Antiques.
  2790 | D:6      | Found a glowing silver altar of Zin.
  2797 | D:6      | Found a large runed translucent door.
  2842 | D:6      | Found Fuin's Distillery.
  2850 | D:6      | Bought a potion of heal wounds for 60 gold pieces
  2850 | D:6      | Bought a potion of berserk rage for 60 gold pieces
  2850 | D:6      | Bought a potion of haste for 120 gold pieces
  2896 | D:6      | Found a staircase to the Ecumenical Temple.
  2902 | Temple   | Entered the Ecumenical Temple
  2969 | D:6      | Found a large runed translucent door.
  2982 | D:6      | Noticed belegose's ghost (novice DsHs)
  3033 | D:6      | Bought a potion of curing for 36 gold pieces
  3123 | D:7      | Identified the +1 hand axe of Osojol {freeze, *Rage rElec
                  | Int+5}
  3226 | D:7      | Reached XP level 10. HP: 83/83 MP: 13/13
  3241 | D:7      | Found an ornate altar of the Wu Jian Council.
  3394 | D:7      | Noticed a kobold demonologist
  3395 | D:7      | Noticed an ice devil
  3404 | D:7      | Killed a kobold demonologist
  3501 | D:8      | Identified the +1 quarterstaff of Subjectivity {freeze,
                  | *Slow Str+3 Dex+7}
  3505 | D:8      | Reached skill level 5 in Shields
  3551 | D:8      | Found a flagged portal.
  3566 | D:8      | Reached XP level 11. HP: 85/90 MP: 14/14
  3571 | Bailey   | Entered a bailey
  3640 | Bailey   | Found a large runed translucent door.
  3640 | Bailey   | Found a large runed translucent door.
  3640 | Bailey   | Noticed an orc knight
  3648 | Bailey   | Noticed a deep elf pyromancer
  3651 | Bailey   | HP: 4/91 [orc warrior/+0 halberd (13)]
  3670 | Bailey   | Killed an orc knight
  3671 | Bailey   | HP: 3/91 [orc warrior/+0 halberd (19)]
  3764 | Bailey   | Killed a deep elf pyromancer
  3785 | Bailey   | Got the Cyclopedia of the Distorted Crater
  4273 | D:9      | Identified the staff of conjuration "Natura" {Contam rPois
                  | Will+ Stlth+}
  4275 | D:9      | Noticed a manticore
  4277 | D:9      | Noticed a four-headed hydra
  4287 | D:9      | Killed a manticore
  4288 | D:9      | Killed a four-headed hydra
  4289 | D:9      | Noticed a seven-headed hydra
  4299 | D:9      | Killed a seven-headed hydra
  4300 | D:9      | Reached skill level 10 in Armour
  4302 | D:9      | Reached XP level 12. HP: 54/100 MP: 15/15
  4318 | D:9      | Reached skill level 15 in Maces & Flails
  4369 | D:9      | Identified the +1 ring mail of Impermeability {*Corrode rC+
                  | Str+7}
  4449 | D:9      | Noticed a two-headed ogre
  4456 | D:9      | Killed a two-headed ogre
  4591 | D:9      | Noticed Erica
  4603 | D:9      | Killed Erica
  4744 | D:9      | Noticed Gastronok
  4756 | D:9      | Killed Gastronok
  4785 | D:9      | Paralysed by a hornet for 3 turns
  4812 | D:10     | Entered Level 10 of the Dungeon
  4958 | D:10     | Noticed a two-headed ogre
  4963 | D:10     | Killed a two-headed ogre
  5073 | D:10     | Reached XP level 13. HP: 108/108 MP: 16/16
  5295 | D:11     | Found a large runed translucent door.
  5295 | D:11     | Found a large runed translucent door.
  5389 | D:11     | Noticed a two-headed ogre
  5398 | D:11     | Killed a two-headed ogre
  5408 | D:11     | Found a staircase to the Lair.
  5441 | Lair:1   | Entered Level 1 of the Lair of Beasts
  5555 | Lair:1   | Noticed Prince Ribbit
  5569 | Lair:1   | Killed Prince Ribbit
  5599 | Lair:1   | Identified the +10 quarterstaff of the Unkillable {heavy,
                  | rN+++ rCorr Str+2}
  5812 | Lair:1   | Noticed Joseph
  5821 | Lair:1   | Killed Joseph
  5822 | Lair:1   | Reached skill level 5 in Throwing
  5833 | Lair:1   | Reached skill level 10 in Fighting
  5960 | Lair:2   | Noticed Nergalle
  5973 | Lair:1   | Killed Nergalle
  6067 | Lair:2   | Noticed a four-headed hydra
  6071 | Lair:2   | Killed a four-headed hydra
  6116 | Lair:2   | Reached XP level 14. HP: 121/122 MP: 17/17
  6302 | Lair:2   | Noticed Amaemon
  6312 | Lair:2   | Killed Amaemon
  6358 | Lair:2   | Found a staircase to the Snake Pit.
  6395 | Lair:2   | Found a staircase to the Swamp.
  6631 | Lair:3   | Reached skill level 15 in Armour
  6899 | Lair:4   | Reached XP level 15. HP: 131/135 MP: 18/18
  7097 | Lair:4   | You fall into a shaft and drop 1 floor!
  7097 | Lair:5   | Entered Level 5 of the Lair of Beasts
  7207 | Lair:5   | Found a runed translucent door.
  7215 | Lair:5   | Found a staircase to the Slime Pits.
  7307 | Lair:5   | Reached skill level 5 in Evocations
  7569 | Lair:5   | Found a corrupted altar of Lugonu.
  7569 | Lair:5   | Found a one-way gate to the infinite horrors of the Abyss.
  7579 | Lair:5   | Identified the +6 scale mail of Neduptamp {rF+++ Int-2
                  | Dex-3 Slay+5}
  7605 | Lair:5   | Voluntarily entered the Abyss.
  7655 | Abyss:1  | Noticed a cyan very ugly thing
  7655 | Abyss:1  | Noticed a cyan very ugly thing
  7655 | Abyss:1  | Noticed a cyan very ugly thing
  7659 | Abyss:1  | Noticed a cyan very ugly thing
  7676 | Abyss:1  | Killed a white very ugly thing
  7678 | Abyss:1  | Killed a white very ugly thing
  7683 | Abyss:1  | Killed a green very ugly thing
  7690 | Abyss:1  | Killed a green very ugly thing
  7705 | Abyss:1  | Found a corrupted altar of Lugonu.
  7739 | Abyss:2  | Found a corrupted altar of Lugonu.
  7740 | Abyss:2  | Found an ancient bone altar of Kikubaaqudgha.
  7743 | Abyss:2  | Noticed a profane servitor
  7766 | Abyss:2  | Killed a profane servitor
  7768 | Abyss:2  | Noticed a lich
  7773 | Abyss:2  | Reached XP level 16. HP: 147/147 MP: 19/19
  7780 | Abyss:2  | Killed a lich
  7835 | Abyss:3  | Found a corrupted altar of Lugonu.
  7999 | Abyss:3  | Got an abyssal rune of Zot
  8026 | Abyss:3  | Found a corrupted altar of Lugonu.
  8045 | Abyss:3  | Found a runed translucent door.
  8053 | Abyss:3  | Reached skill level 15 in Fighting
  8082 | Abyss:3  | Identified the ring of Vyruor {Ice Will++ Dex-2}
  8114 | Abyss:3  | Paralysed by accursed screaming for 1 turns
  8117 | Abyss:3  | Reached skill level 5 in Dodging
  8149 | Lair:5   | Escaped the Abyss
  8272 | Slime:1  | Entered Level 1 of the Pits of Slime
  8272 | Slime:1  | Noticed a rockslime
  8285 | Slime:1  | Killed a rockslime
  8289 | Slime:1  | Reached skill level 1 in Staves
  8466 | Slime:2  | Noticed an acid blob
  8478 | Slime:2  | Killed an acid blob
  8563 | Slime:2  | Noticed an azure jelly
  8569 | Slime:2  | Reached skill level 5 in Staves
  8571 | Slime:2  | Killed an azure jelly
  8579 | Slime:2  | HP: 8/223 [slime creature (8)]
  8582 | Slime:2  | HP: 3/149 [slime creature (4)]
  8583 | Slime:2  | Mangled by a slime creature

Illustrated notes

Levels and vault maps discovered:
D:1:      nzn_arrival_depleted_hourglass, layout_basic
D:2:      layout_basic, uniq_crazy_yiuf_cottage
D:3:      layout_basic, grunt_nemelex_the_gamble, uniq_robin
D:4:      layout_cave_pools, old_standard_altar,
          lemuel_mausoleum_altar_yredelemnul, gup_sewer_entry_glass
D:5:      layout_cave_pods, minmay_misc_feat_diagonals, wad_floor_pattern_1
D:6:      layout_loops_ring, zin_treasury, minmay_temple_entry_butterflies,
          ebering_ghost_disaster_area, serial_shops, shop, kennysheep_mini,
          nicolae_shop_pleasant_corner_grove
D:7:      layout_loops_ring, mainiacjoe_overflow_tiny_flanked
D:8:      layout_basic, enter_bailey_2, kennysheep_nondescript
D:9:      minmay_the_grid_four_pointed_star
          [minmay_the_grid_triangle_9x9_stretched_checkered,
          minmay_the_grid_triangle_9x9_cache,
          minmay_the_grid_triangle_9x9_sprig,
          minmay_the_grid_triangle_9x9_steps, minmay_the_grid_prize_trominoes],
          layout_basic, uniq_gastronok, uniq_erica
D:10:     layout_roguey
D:11:     layout_cave_pools, david_lair_generic, lightli_elemental_guards
Temple:   nicolae_temple_bog_church
Lair:1:   minmay_lair_oklob_tunnel, layout_loops_ring, roderic_batcave,
          uniq_joseph, uniq_prince_ribbit2
Lair:2:   dreamdust_cave_troll, layout_gridlike, minmay_swamp_entry_reptiles,
          minmay_snake_entry_guardpost_small, uniq_amaemon, uniq_nergalle
Lair:3:   minmay_lair_venomous_thicket, layout_misc_corridors,
          minmay_stone_trees_small
Lair:4:   layout_regular_city, pdpol_lair_cabin_in_the_woods
Lair:5:   hellmonk_lair_end_abyssal_woods, layout_long_grid, slime_entry_2,
          bh_autumn_forest_stairs, st_stairs_3
Slime:1:  layout_caves
Slime:2:  layout_caves

Skill      XL: |  1  2  3  4  5  6  7  8  9 10 11 12 13 14 15 16 |
---------------+-------------------------------------------------+-----
Fire Magic     | 4 |  4.2
Armour         | 2 3 4 5 6 8 10 11 13 15 16 17 | 17.3
Fighting       | 4 5 6 7 8 10 13 14 15 | 15.4
Dodging        | 1 2 3 4 5 |  5.4
Maces & Flails | 5 6 7 9 11 13 14 16 17 | 17.0
Shields        | 1 2 4 5 6 8 9 |  9.0
Throwing       | 1 2 3 5 6 8 |  8.8
Evocations     | 2 3 4 7 8 |  8.3
Staves         | 5 |  5.5
Spellcasting   | |  1.6

Action                     |  1- 3 |  4- 6 |  7- 9 | 10-12 | 13-15 | 16-18 || total
---------------------------+-------+-------+-------+-------+-------+-------++-------
  Melee: Mace              |   133 |    21 |       |       |       |       ||   154
         Punch             |     1 |     2 |       |       |       |       ||     3
         Whip              |       |    15 |       |       |       |       ||    15
         Shillelagh        |       |    43 |   196 |   271 |   571 |    80 ||  1161
         Quarterstaff      |       |       |       |       |       |   103 ||   103
  Throw: Dart              |       |     4 |     1 |    18 |     6 |       ||    29
         Boomerang         |       |       |       |     9 |    23 |    20 ||    52
 Invoke: Fiery Armour      |       |     1 |       |     2 |     1 |     1 ||     5
  Evoke: Wand              |       |       |       |     3 |     7 |     2 ||    12
         Phantom mirror    |       |       |       |       |     1 |       ||     1
    Use: Potion            |       |       |       |     5 |       |     5 ||    10
         Scroll            |       |       |       |       |    14 |     5 ||    19
 Armour: Robe              |    17 |       |       |       |       |       ||    17
         Scale mail        |    58 |    43 |    64 |    30 |    30 |   138 ||   363
         Crystal plate arm |       |       |       |    83 |   286 |       ||   369
  Dodge: Dodged            |    73 |    30 |    47 |    83 |   118 |    99 ||   450
  Block: Buckler           |       |     3 |    17 |    52 |   133 |    14 ||   219
